 Dungeon Crawl Stone Soup version 0.29-a0-542-g075992c915 (webtiles) character file.

Game seed: 17751668989731130820

100 oldriver the Skirmisher (level 4, -6/40 HPs)
             Began as a Palentonga Delver on June 4, 2022.
             Mangled by an ogre
             ... wielding a +0 giant spiked club
              (19 damage)
             ... on level 5 of the Dungeon.
             The game lasted 00:00:16 (149 turns).

oldriver the Skirmisher (Palentonga Delver)          Turns: 149, Time: 00:00:16

Health: -6/40      AC:  4    Str: 17    XL:     4   Next: 46%
Magic:  4/4        EV:  9    Int: 10    God:
Gold:   0          SH:  0    Dex: 12    Spells: 3/3 levels left

rFire   . . .      SeeInvis +   a - +0 hand axe
rCold   . . .      Faith    .   (no shield)
rNeg    . . .      Spirit   .   b - +0 leather armour
rPois   .          Reflect  .   (no helmet)
rElec   .          Harm     .   (no cloak)
rCorr   .          Rampage  .   (no gloves)
Will    .....                   (no barding)
Stlth   ++........              (no amulet)
HPRegen 0.13/turn               (no ring)
MPRegen 0.09/turn               (no ring)

@: no status effects
A: large, rugged brown scales 3, see invisible, deformed body, roll 1, armoured
tail
a: Rolling Charge


You were on level 5 of the Dungeon.
You visited 1 branch of the dungeon, and saw 1 of its levels.

Inventory:

Hand Weapons
 a - a +0 hand axe (weapon)
Armour
 b - a +0 leather armour (worn)
Wands
 g - a wand of digging (3)
Scrolls
 c - a scroll of fog
 d - a scroll of magic mapping
 e - a scroll of fear
Potions
 f - a potion of haste


   Skills:
 * Level 4.6 Fighting
 + Level 3.1 Axes
 - Level 1.5 Dodging
 - Level 3.3 Stealth


You had 3 spell levels left.
You didn't know any spells.
Your spell library was empty.

Dungeon Overview and Level Annotations

Branches:
Dungeon (5/15)
 Temple: D:4-7

Altars:


Innate Abilities, Weirdness & Mutations

You are completely covered in rugged brown scales. (AC +3, +7% HP)
You have supernaturally acute eyesight. (SInv)
Armour fits poorly on your strangely shaped body.
You can roll at nearby foes to attack.
You have a long armoured tail.


Message History

The ice beast hits you but does no damage.
You barely miss the ice beast.
The ice beast is almost dead.
The ice beast hits you but does no damage.
You hit the ice beast.
You kill the ice beast!
Your Fighting skill increases to level 4!
Your Axes skill increases to level 3!
You have reached level 2!
You have reached level 3!
Your experience leads to an increase in your attributes!
Increase (S)trength, (I)ntelligence, or (D)exterity?
You feel stronger. x2
You have reached level 4!
You feel agile.
Found a scroll labelled AHETHUAROMM.
h - a scroll labelled AHETHUAROMM
As you read the scroll labelled AHETHUAROMM, it crumbles to dust.
The air around you briefly surges with heat, but it dissipates.
It was a scroll of immolation.
An ogre comes into view. It is wielding a +0 giant spiked club.
The ogre shouts!
You hit the ogre.
The ogre is lightly wounded.
The ogre completely misses you.
You barely miss the ogre.
The ogre is lightly wounded.
The ogre hits you with a +0 giant spiked club!!
Ouch! That really hurt!
* * * LOW HITPOINT WARNING * * *
You barely miss the ogre.
Your tail-slap misses the ogre.
The ogre is lightly wounded.
The ogre misses you.
You slash the ogre!
The ogre is heavily wounded.
Unknown command.
You hit the ogre. You tail-slap the ogre!
The ogre is severely wounded.
The ogre hits you with a +0 giant spiked club!!
You die...

............ ..
#######..... .##
#....... ..#
#.##.### ..# #.##.#
..# #.##.# ..#
#.##.# #####O.#
#.##.# #...@..#
#.##.#
#.############.##.#
#.# #...........#.#
#.# #.###########.#
#.###.# #.....#
#######


You could see an ogre.

Vanquished Creatures
  An ice beast (D:5)
  A white imp (D:5)
2 creatures vanquished.

Notes
Turn   | Place    | Note
-------+----------+-------------------------------------------
     0 | D:5      | oldriver the Palentonga Delver began the quest for the Orb.
     0 | D:5      | Reached XP level 1. HP: 19/19 MP: 1/1
    57 | D:5      | Noticed an ice beast
    66 | D:5      | Killed an ice beast
    67 | D:5      | Reached skill level 4 in Fighting
    67 | D:5      | Reached XP level 2. HP: 27/27 MP: 2/2
    67 | D:5      | Reached XP level 3. HP: 33/33 MP: 3/3
    67 | D:5      | Reached XP level 4. HP: 40/40 MP: 4/4
   144 | D:5      | Noticed an ogre
   149 | D:5      | Mangled by an ogre

Illustrated notes

Levels and vault maps discovered:
D:5:      layout_basic, nicolae_overflow_hidden_temple, lemuel_flamethrower_2

Skill      XL: |  1 |
---------------+----+-----
Fighting       | 4 |  4.6
Axes           | 3 |  3.1
Dodging        | |  1.5
Stealth        | |  3.3

Action                   |  1- 3 |  4- 6 || total
-------------------------+-------+-------++-------
Melee: Hand axe          |    13 |     5 ||    18
       Tailslap          |     1 |     1 ||     2
 Abil: Rolling Charge    |     2 |       ||     2
  Use: Scroll            |       |     1 ||     1
Armor: Leather armour    |     5 |       ||     5
Dodge: Dodged            |     7 |     2 ||     9

Table legend: (Time is in decaauts)
 A = Elapsed time spent in this place.
 B = Non-inter-level travel time spent in this place.
 C = Inter-level travel time spent in this place.
 D = Time resting spent in this place.
 E = Time spent auto-exploring this place.
 F = Levels seen in this place.
 G = Mean time per level.
                   A        B        C        D        E       F      G
               +--------+--------+--------+--------+--------+-----+--------+
         Total |    152 |    152 |      0 |      0 |    115 |   1 |  152.0 |
       Dungeon |    152 |    152 |      0 |      0 |    115 |   1 |  152.0 |
               +--------+--------+--------+--------+--------+-----+--------+

Top non-repeatable levels by time:
     D:5: 152 daAuts
